 Dungeon Crawl Stone Soup version 0.30.1-11-g7821555f0a (webtiles) character file.

Game seed: 1707155962020286144

802 RancidPinata the Covert (level 7, 0/51 HPs)
             Began as an Octopode Delver on Dec 30, 2023.
             Was a Believer of Dithmenos.
             Killed from afar by an electric eel (7 damage)
             ... with a bolt of electricity
             ... on level 6 of the Dungeon on Dec 31, 2023.
             The game lasted 00:23:46 (4189 turns).

RancidPinata the Covert (Octopode Delver)           Turns: 4189, Time: 00:23:47

Health: 0/51       AC:  1    Str: 12    XL:     7   Next: 91%
Magic:  7/7        EV: 19    Int: 12    God:    Dithmenos [**....]
Gold:   328        SH:  3    Dex: 15    Spells: 6/6 levels left

rFire   . . .        a - +0 short sword
rCold   . . .        y - +0 buckler
rNeg    . . .        (helmet restricted)
rPois   .            (no amulet)
rElec   .            v - +5 ring of evasion
rCorr   .            (no ring)
SInv    .            (no ring)
Will    .....        (no ring)
Stlth   ++++++       (no ring)
HPRegen 0.28/turn    (no ring)
MPRegen 0.10/turn    (no ring)
                     (no ring)

%: no passive effects
@: wreathed by umbra
A: almost no armour, amphibious, 8 rings, camouflage 1, gelatinous body 1,
(nimble swimmer 1), tentacles
a: Renounce Religion, Shadow Step


You were on level 6 of the Dungeon.
You worshipped Dithmenos.
Dithmenos was pleased with you.
You visited 2 branches of the dungeon, and saw 7 of its levels.

You collected 328 gold pieces.

Inventory:

Hand Weapons
 a - a +0 short sword (weapon)
Missiles
 j - 2 silver boomerangs (quivered)
 k - 54 stones
 w - 2 boomerangs
Armour
 y - a +0 buckler (worn)
Jewellery
 v - a +5 ring of evasion (left tentacle)
Wands
 f - a wand of digging (3)
 q - a wand of flame (19)
Scrolls
 b - 3 scrolls of fog
 c - a scroll of magic mapping
 d - 2 scrolls of fear
 i - 5 scrolls of identify {unknown}
 m - 3 scrolls of teleportation {unknown}
 o - a scroll of amnesia {unknown}
Potions
 e - a potion of haste
 g - a potion of brilliance {unknown}
 h - a potion of might {unknown}
 l - a potion of lignification {unknown}
 n - 2 potions of heal wounds
 p - 3 potions of curing {unknown}
 r - a potion of attraction {unknown}
 s - a potion of mutation {unknown}
 t - a potion of flight {unknown}
 u - a potion of invisibility {unknown}
 x - 2 potions of cancellation {unknown}


   Skills:
 * Level 5.8 Fighting
 + Level 3.9 Short Blades
 * Level 5.2 Dodging
 + Level 8.2 Stealth


You had 6 spell levels left.
You didn't know any spells.
Your spell library was empty.

Dungeon Overview and Level Annotations

Branches:
Dungeon (8/15)             Temple (1/1) D:7
   Lair: D:8-11

Altars:
Ashenzari
Cheibriados
Dithmenos
Elyvilon
Gozag
Kikubaaqudgha
Makhleb
Nemelex Xobeh
Okawaru
Qazlal
Ru
Sif Muna
Trog
Uskayaw
Vehumet
Wu Jian
Xom
Yredelemnul
Zin


Innate Abilities, Weirdness & Mutations

You cannot wear most types of armour.
You are amphibious.
You can wear up to eight rings at the same time.
Your skin changes colour to match your surroundings (Stealth+).
Your rubbery body absorbs attacks. (AC +1, EV +1)
((You are camouflaged when in or above water. (Stealth+)))
You have tentacles for arms and can constrict up to eight enemies at once.


Message History

You block the adder's attack.
You hit the adder. You grab the adder.
The adder is lightly wounded.
You constrict the adder. The adder closely misses you.
The electric eel shoots out a bolt of lightning at you!
The bolt of electricity misses you.
You hit the adder. You squeeze the adder.
The adder is severely wounded.
You constrict the adder. The adder closely misses you.
You barely miss the adder.
The adder is almost dead.
You constrict the adder.
You kill the adder!
Dithmenos accepts your kill.
An electric eel comes into view.
The electric eel shoots out a bolt of lightning at you!
The bolt of electricity hits the plant!
The plant begins to die.
The bolt of electricity misses you.
The electric eel shoots out a bolt of lightning at you!
The bolt of electricity hits you!
The bolt of electricity hits the plant!
The plant begins to die.
You hit the plant but do no damage. You grab the plant.
The plant is lightly damaged.
You constrict the plant.
The electric eel shoots out a bolt of lightning at you!
The bolt of electricity hits you!
The bolt of electricity hits the plant!
You release your grip on the plant.
A nearby plant withers and dies.
The electric eel shoots out a bolt of lightning at you!
The bolt of electricity hits you!
The electric eel shoots out a bolt of lightning at you!
The bolt of electricity misses you.
A nearby plant withers and dies.
The electric eel shoots out a bolt of lightning at you!
The bolt of electricity misses you. The bolt of electricity hits you!
The electric eel shoots out a bolt of lightning at you!
The bolt of electricity hits you!
* * * LOW HITPOINT WARNING * * *
The electric eel shoots out a bolt of lightning at you!
The bolt of electricity hits you!
You die...

... #.......#h......<....##
.. #.......#.............#
####.#.##.............#######
#.#.# #######.#....+......
#.#.# #.#K...####### #.#.#
#...÷......... #.#.#
###.K.....#.##
#.#.############...###### ##
#.#......@.....+...+
♣~~♣P~~S###########...##
♣~♣~~~♣~~♣♣♣ #.........#
♣P~~~~~~~~~~♣
♣K#######.######
P~≈P≈≈~♣~~♣S~♣♣~# #.##....
~≈≈≈≈≈≈≈~~~♣~~~~♣ #.##.###
~≈≈≈≈≈≈~≈≈~~~~~♣♣ #[##.#
≈≈≈≈≈≈≈≈≈≈~~♣~~P~ #.##.#
≈≈≈≈≈≈≈≈≈≈≈~~~~~~ #.##.#..


You could see an electric eel.

Vanquished Creatures
  2 water moccasins (D:6)
  An ogre (D:4)
  3 hounds
  2 jellies
  Jessica (D:3)
  Ijyb (D:3)
  4 iguanas
  A sleepcap (D:5)
  4 gnolls (D:4)
  8 adders
  2 ufetubi
  A worm (D:4)
  A dart slug (D:3)
  9 orcs
  An endoplasm (D:4)
  2 giant cockroaches
  3 goblins
  2 hobgoblins (D:4)
  7 jackals
  3 quokkas
  2 bats (D:3)
  2 frilled lizards (D:3)
  3 kobolds
  A rat (D:3)
66 creatures vanquished.

Vanquished Creatures (others)
  A worm (D:4)
  An orc (D:4)
  A goblin (D:4)
  A kobold (D:4)
4 creatures vanquished.

Grand Total: 70 creatures vanquished

Notes
Turn   | Place    | Note
-------+----------+-------------------------------------------
     0 | D:5      | RancidPinata the Octopode Delver began the quest for the
                  | Orb.
     0 | D:5      | Reached XP level 1. HP: 16/16 MP: 1/1
    59 | D:7      | Noticed a jelly
   134 | D:6      | Reached XP level 2. HP: 21/21 MP: 2/2
   190 | D:7      | Found a staircase to the Ecumenical Temple.
   201 | Temple   | Entered the Ecumenical Temple
   464 | Temple   | Became a worshipper of Dithmenos the Shadowed
   551 | D:8      | Noticed a steam dragon
   564 | D:8      | Noticed a wight
   564 | D:8      | Noticed a wight
   770 | D:6      | Noticed a kobold brigand
   773 | D:6      | Noticed a bullfrog
  1032 | D:4      | Reached XP level 3. HP: 6/26 MP: 3/3
  1286 | D:3      | Reached skill level 7 in Stealth
  1286 | D:3      | Reached XP level 4. HP: 32/32 MP: 4/4
  1310 | D:3      | Noticed Ijyb
  1319 | D:3      | Killed Ijyb
  1623 | D:3      | Noticed Jessica
  1670 | D:3      | Killed Jessica
  1671 | D:3      | Reached XP level 5. HP: 37/37 MP: 5/5
  1948 | D:3      | Reached * piety under Dithmenos
  1998 | D:3      | Found a sparkling altar of Nemelex Xobeh.
  1998 | D:3      | Found a broken altar of Ashenzari.
  2065 | D:4      | Found a shimmering altar of Xom.
  2548 | D:4      | Noticed an ogre
  2605 | D:3      | HP: 1/38 [ufetubus (2)]
  2610 | D:3      | HP: 1/38 [adder (1)]
  2778 | D:4      | Killed an ogre
  2779 | D:4      | Reached XP level 6. HP: 41/44 MP: 6/6
  3231 | D:5      | Found an opulent altar of Gozag.
  3353 | D:5      | Found a white marble altar of Elyvilon.
  3378 | D:5      | Reached skill level 5 in Fighting
  3425 | D:5      | Reached XP level 7. HP: 50/50 MP: 7/7
  3436 | D:5      | Found a basalt altar of Yredelemnul.
  3998 | D:6      | Found an iron altar of Okawaru.
  4102 | D:6      | Found a sacrificial altar of Ru.
  4122 | D:6      | Reached skill level 8 in Stealth
  4136 | D:6      | Reached skill level 5 in Dodging
  4159 | D:6      | Reached ** piety under Dithmenos
  4189 | D:6      | Killed from afar by an electric eel

Illustrated notes

Levels and vault maps discovered:
D:3:      layout_loops_corners, gammafunk_temple_overflow_statue, uniq_ijyb,
          uniq_jessica
D:4:      layout_basic, xom_confusion_cloud
D:5:      layout_basic, mainiacjoe_overflow_small_starburst,
          yredelemnul_altar_generic, mainiacjoe_overflow_paths,
          guppyfry_early_lair_pool
D:6:      layout_basic, amcnicky_altar_gilded, hangedman_ru_absence,
          serial_bayou_lake_a
D:7:      layout_loops_corners, general_overflow_altar,
          minmay_temple_entry_enclosed_plants
D:8:      layout_rooms, tso_metal_star, uniq_gastronok
Temple:   grunt_temple_mini_profane

Skill      XL: |  1  2  3  4  5  6  7 |
---------------+----------------------+-----
Stealth        | 7 8 |  8.2
Dodging        | 3 4 5 |  5.2
Fighting       | 4 5 |  5.8
Short Blades   | 3 |  3.9

Action                     |  1- 3 |  4- 6 |  7- 9 || total
---------------------------+-------+-------+-------++-------
  Melee: Short sword       |    27 |   105 |    53 ||   185
         Constrict         |     6 |    22 |    11 ||    39
         Tentacles         |     6 |    30 |    12 ||    48
         Punch             |     1 |     3 |     1 ||     5
  Throw: Throwing net      |       |     1 |       ||     1
         Boomerang         |       |     3 |       ||     3
    Use: Potion            |       |     1 |       ||     1
   Stab: Sleeping          |     3 |    13 |     4 ||    20
 Armour: Skin              |       |     5 |     1 ||     6
  Dodge: Dodged            |    11 |   135 |    49 ||   195
  Block: Buckler           |       |       |     1 ||     1
